 Dungeon Crawl Stone Soup version 0.18-b1-18-g7758cf2 (webtiles) character file.

390 HaroldButt the Charlatan (level 6, -10/55 HPs)
             Began as a Deep Dwarf Fighter on May 2, 2016.
             Mangled by Menkaure (14 damage)
             ... on level 4 of the Dungeon.
             The game lasted 01:54:47 (2347 turns).

HaroldButt the Charlatan (Deep Dwarf Fighter)       Turns: 2347, Time: 01:54:48

Health: -10/55     AC:  7    Str: 20    XL:     6   Next: 50%
Magic:  9/9        EV: 10    Int:  8    God:
Gold:   222        SH:  0    Dex: 14    Spells: 0 memorised, 5 levels left

rFire  . . .     SeeInvis .     a - +1 war axe
rCold  + . .     Gourm    .     g - +2 ring mail {rC+}
rNeg   . . .     Faith    .     (no shield)
rPois  +         Spirit   .     (no helmet)
rElec  .         Dismiss  .     (no cloak)
rCorr  .         Reflect  .     (no gloves)
SustAt .         Harm     .     (no boots)
MR     .....                    (no amulet)
Stlth  +.........               q - ring of poison resistance
                                (no ring)

@: very slightly contaminated, non-regenerating, not resistant to hostile
enchantments, very unstealthy
A: damage resistance, recharge devices, sense surroundings 1, slow regeneration
3
a: Device Recharging


You were on level 4 of the Dungeon.
You were not hungry.

You visited 1 branch of the dungeon, and saw 4 of its levels.

You collected 222 gold pieces.

Inventory:

Hand Weapons
 a - a +1 war axe (weapon)
Armour
 c - a +0 shield
 g - a +2 ring mail of cold resistance (worn)
Jewellery
 q - a ring of poison resistance (right hand)
Wands
 e - a wand of heal wounds (5/9)
Scrolls
 k - a scroll of remove curse
Potions
 b - a potion of cancellation
 d - a potion of might
 h - a potion of cure mutation
 j - 4 potions of curing
 m - 3 potions of haste
 o - a potion of heal wounds {unknown}
Comestibles
 f - 4 bread rations
 i - a royal jelly
 n - 2 beef jerkies
 p - 16 chunks of flesh
 t - 5 fruits


   Skills:
 - Level 2.6 Fighting
 + Level 5.5 Axes
 - Level 3.2 Armour
 - Level 3.2 Shields
 - Level 6.1 Evocations


You had 5 spell levels left.
You didn't know any spells.

Dungeon Overview and Level Annotations

Branches:
Dungeon (4/15)
 Temple: D:4-7

Altars:
Fedhas
Qazlal

Annotations:
D:4 Menkaure


Innate Abilities, Weirdness & Mutations

You are resistant to damage.
You can recharge devices by infusing magical energy.
You passively map a small area around you.
You do not regenerate naturally.


Message History

You hit Menkaure.
Menkaure is moderately damaged.
Menkaure hits you!! Menkaure hits you!
* * * LOW HITPOINT WARNING * * *
You are too injured to fight recklessly!
You are too injured to fight recklessly!
Evoke which item? (* to show all) (? for menu, Esc to quit)
Zapping:
e - a wand of heal wounds (6/9)
Press: ? - help, Shift-Dir - straight line, f - you You feel much better.
This wand has 5 charges left.
Menkaure hits you!
You slash Menkaure!
Menkaure is heavily damaged.
Menkaure gestures at you while chanting.
Pain shoots through your body!
You hit Menkaure.
Menkaure is severely damaged.
Menkaure hits you!!
* * * LOW HITPOINT WARNING * * *
Menkaure hits you!!
You die...

#.#..##............#.*
, ,
#.#..................
#.#.###............#.
, **
#.#.###.####...#####.
* #.......# #.....$...
###.##### #...######*
, #.# #...# #.# ##!##
#.# * #@# , #####.#
#...?M.# #.....####
#.##.#.# *
##.#.<....#*# ,.....#
.).#.#..>.... ... ...,
####.#.##.###
.#....... #.#.. .#
.#.#. .... * #.##.# #
.......#... * #.. .. ,


You could see Menkaure.

Vanquished Creatures
  A scorpion (D:3)
  2 orc priests (D:3)
  3 orc wizards
  Terence (D:2)
  Jessica (D:2)
  An iguana (D:4)
  A worker ant (D:4)
  3 adders
  A worm (D:2)
  2 dart slugs (D:3)
  10 orcs
  2 bats
  2 giant cockroaches
  8 goblins
  5 hobgoblins
  6 giant newts
  7 kobolds
  17 rats
  A fungus (D:1)
74 creatures vanquished.

Notes
Turn   | Place    | Note
--------------------------------------------------------------
     0 | D:1      | HaroldButt the Deep Dwarf Fighter began the quest for the Orb.
     0 | D:1      | Reached XP level 1. HP: 20/20 MP: 1/1
    11 | D:1      | Reached skill level 1 in Evocations
    29 | D:1      | Reached XP level 2. HP: 25/27 MP: 3/3
    56 | D:1      | Reached skill level 2 in Evocations
   630 | D:2      | Reached XP level 3. HP: 19/33 MP: 5/5
   749 | D:2      | Reached skill level 3 in Evocations
  1088 | D:2      | Noticed Terence
  1097 | D:2      | Killed Terence
  1097 | D:2      | Reached XP level 4. HP: 35/40 MP: 6/6
  1339 | D:2      | Noticed Jessica
  1348 | D:2      | Killed Jessica
  1348 | D:2      | Reached skill level 4 in Evocations
  1349 | D:2      | Found a stormy altar of Qazlal.
  1491 | D:3      | Reached XP level 5. HP: 37/46 MP: 8/8
  1514 | D:3      | Reached skill level 5 in Evocations
  1531 | D:3      | Gained mutation: You are dopey. (Int -2) [potion of mutation]
  1531 | D:3      | Gained mutation: Your magical capacity is low (-10% MP). [potion of mutation]
  1531 | D:3      | Gained mutation: You are occasionally teleported next to monsters. [potion of mutation]
  1532 | D:3      | Lost mutation: You are dopey. (Int -2) [potion of cure mutation]
  1532 | D:3      | Lost mutation: Your magical capacity is low (-10% MP). [potion of cure mutation]
  1532 | D:3      | Lost mutation: You are occasionally teleported next to monsters. [potion of cure mutation]
  2102 | D:3      | Reached skill level 5 in Axes
  2102 | D:3      | Reached XP level 6. HP: 37/55 MP: 10/10
  2108 | D:3      | Found a blossoming altar of Fedhas.
  2258 | D:4      | Reached skill level 6 in Evocations
  2340 | D:4      | Noticed Menkaure
  2347 | D:4      | Mangled by Menkaure

Skill      XL: |  1  2  3  4  5  6 |
---------------+-------------------+-----
Evocations     | 1 2 3 4 5 6 |  6.1
Axes           | 3 4 5 |  5.5
Fighting       | |  2.6
Armour         | |  3.2
Shields        | |  3.2

Action                   |  1- 3 |  4- 6 || total
-------------------------+-------+-------++-------
Melee: War axe           |    97 |    94 ||   191
 Abil: Device Recharging |       |     1 ||     1
Evoke: Wand              |     1 |     3 ||     4
  Use: Scroll            |     1 |     9 ||    10
       Potion            |       |     2 ||     2
  Eat: Chunk             |       |     5 ||     5
Armor: Scale mail        |    34 |       ||    34
       Ring mail         |     7 |    26 ||    33
Dodge: Dodged            |    51 |    49 ||   100
